 Dungeon Crawl Stone Soup version 0.31-a0-1549-g5ff9445e89 (webtiles) character file.

Game seed: 15579941936971587986

346 dialectric the Ruffian (level 6, -8/43 HPs)
             Began as an Octopode Shapeshifter on Jan 2, 2024.
             Mangled by an ogre
             ... wielding a +0 giant club
              (26 damage)
             ... on level 4 of the Dungeon.
             The game lasted 00:03:44 (2734 turns).

dialectric the Ruffian (Octopode Shapeshifter)      Turns: 2734, Time: 00:03:45

Health: -8/43      AC: 12    Str: 14    XL:     6   Next: 59%
Magic:  6/6        EV: 14    Int: 12    God:
Gold:   217        SH:  0    Dex: 13    Spells: 5/5 levels left

rFire   . . .        y - +1 short sword (protect)
rCold   . . .        (no shield)
rNeg    . . .        (helmet currently unavailable)
rPois   .            (no amulet)
rElec   .            v - +4 ring of protection
rCorr   .            (no ring)
SInv    .            (no ring)
Will    .....        (no ring)
Stlth   ++           (no ring)
HPRegen 0.27/turn    (no ring)
MPRegen 0.10/turn    (no ring)
                     (no ring)

%: no passive effects
@: beast-form, under a protective aura
A: beast (slay +2), almost no armour, amphibious, 8 rings, camouflage 1,
gelatinous body 1, (nimble swimmer 1), tentacles
a: Begin Untransformation


You were on level 4 of the Dungeon.
You were a hulking beast.
You visited 1 branch of the dungeon, and saw 4 of its levels.

You collected 217 gold pieces.

Inventory:

Hand Weapons
 y - a +1 short sword of protection (weapon)
Missiles
 e - 5 javelins (quivered)
 m - a throwing net
Armour
 j - a +0 hat
Jewellery
 v - a +4 ring of protection (left tentacle)
 x - a ring of fire
Talismans
 b - a beast talisman
 c - a flux talisman
 d - a beast talisman
 u - a maw talisman
Scrolls
 f - a scroll of brand weapon {unknown}
 g - a scroll of amnesia {unknown}
 h - 2 scrolls of noise {unknown}
 k - 2 scrolls of teleportation {unknown}
 l - a scroll of blinking {unknown}
 o - a scroll of identify {unknown}
 p - a scroll of fog {unknown}
 r - a scroll of torment {unknown}
 w - a scroll of fear {unknown}
Potions
 a - a potion of lignification
 i - a potion of attraction {unknown}
 n - a potion of mutation {unknown}
 q - a potion of heal wounds {unknown}
 s - a potion of resistance {unknown}
 t - a potion of curing {unknown}


   Skills:
 * Level 3.9 Fighting
 + Level 3.5 Dodging
 - Level 4.1 Unarmed Combat
 + Level 4.0 Shapeshifting


You had 5 spell levels left.
You didn't know any spells.
Your spell library contained the following spells:

 Spells                   Type           Power      Damage    Failure   Level
 Freeze                   Ice            0%         1d3       32%         1
 Lesser Beckoning         Tloc           0%         N/A       45%         2
 Frozen Ramparts          Ice            0%         1d1       69%         3
 Gell's Gravitas          Tloc           0%         N/A       69%         3
 Hailstorm                Conj/Ice       0%         3d5       69%         3
 Teleport Other           Tloc           0%         N/A       69%         3


Dungeon Overview and Level Annotations

Branches:
Dungeon (4/15)
 Temple: D:4-7

Altars:

Shops:
D:4 ?[


Innate Abilities, Weirdness & Mutations

You are a hulking beast.
Your limbs bulge with bestial killing power. (Slay +2)
You cannot wear most types of armour.
You are amphibious.
You can wear up to eight rings at the same time.
Your skin changes colour to match your surroundings (Stealth+).
Your rubbery body absorbs attacks. (AC +1, EV +1)
((You are camouflaged when in or above water. (Stealth+)))
You have tentacles for arms and can constrict up to eight enemies at once.


Message History

You climb downwards.
You hear the sound of rushing water.
There is an entrance to a sewer on this level.
Hurry and find it before the portal rusts away!
There is a stone staircase leading up here.
A dart slug is nearby!
The dart slug closely misses you.
A dart slug is nearby!
You puncture the dart slug!
Your weapon exudes an aura of protection.
You grab the dart slug.
The dart slug is severely wounded.
You constrict the dart slug. You hit the dart slug. You squeeze the dart slug.
You kill the dart slug!
No target in view!
An ogre comes into view. It is wielding a +0 giant club.
There is a stone staircase leading down here.
You see here a dart slug corpse.
An ogre is nearby!
The ogre shouts!
You hit the ogre.
Your weapon exudes an aura of protection.
The ogre is lightly wounded.
The ogre hits you with a +0 giant club!
You are too injured to fight recklessly!
You are too injured to fight recklessly!
You are too injured to fight recklessly!
You are too injured to fight recklessly!
You are too injured to fight recklessly!
You hit the ogre.
The ogre is lightly wounded.
Unknown command.
You hit the ogre. You squeeze the ogre.
The ogre is lightly wounded.
The ogre closely misses you.
You hit the ogre.
The ogre is moderately wounded.
The ogre hits you with a +0 giant club!!
Ouch! That really hurt!
You die...

##.........##.........$....
#.∩........###.............
...........# #........#....
.#####..#####........#.# #
#####......#.....!..#
..........#.#........#
.###.....>..........##
................##.#
..=.....#...hO...# .#
.........<%......# .#
........#.........#
....................
........#####..##..#
....... ##.# ... ....... .#
.. ....... .. ......


You could see an ogre.

Vanquished Creatures
  A phantom (D:3)
  A scorpion (D:3)
  An orc priest (D:3)
  Jessica (D:3)
  2 orc wizards (D:3)
  3 gnolls
  2 adders
  2 dart slugs
  4 ribbon worms
  An orc (D:3)
  4 ball pythons
  8 endoplasms
  3 giant cockroaches
  6 hobgoblins
  7 jackals (D:1)
  2 quokkas
  9 bats
  4 frilled lizards
  2 goblins
  3 kobolds
  10 rats
76 creatures vanquished.

Notes
Turn   | Place    | Note
-------+----------+-------------------------------------------
     0 | D:1      | dialectric the Octopode Shapeshifter began the quest for
                  | the Orb.
     0 | D:1      | Reached XP level 1. HP: 13/13 MP: 1/1
   103 | D:1      | Reached XP level 2. HP: 10/18 MP: 2/2
   474 | D:1      | Reached XP level 3. HP: 23/23 MP: 3/3
   881 | D:2      | Reached XP level 4. HP: 26/29 MP: 4/4
  1805 | D:3      | Noticed Jessica
  1811 | D:3      | Killed Jessica
  1812 | D:3      | Reached XP level 5. HP: 36/36 MP: 5/5
  2424 | D:3      | Reached XP level 6. HP: 15/42 MP: 6/6
  2653 | D:4      | Found Toamowun's Antique Armour Shoppe.
  2693 | D:4      | Found Dula's Magic Scroll Shoppe.
  2734 | D:4      | Mangled by an ogre

Illustrated notes

Levels and vault maps discovered:
D:1:      minmay_arrival_four_circles, layout_loops_ring, patterned_corridor
D:2:      layout_basic, minmay_puff
D:3:      layout_loops_ring, serial_bayou_crossing, uniq_jessica
D:4:      layout_rooms, mainiacjoe_sewer_entry_somewhere_in_here_2,
          serial_shops, shop, shop_coins

Skill      XL: |  1  2  3  4  5  6 |
---------------+-------------------+-----
Fighting       | 2 3 |  3.9
Dodging        | 3 |  3.5
Unarmed Combat | 4 |  4.1
Shapeshifting  | 4 |  4.0

Action                     |  1- 3 |  4- 6 || total
---------------------------+-------+-------++-------
  Melee: Unarmed           |    49 |    95 ||   144
         Constrict         |    14 |    22 ||    36
         Tentacles         |    10 |    20 ||    30
         Punch             |     1 |     5 ||     6
         Short sword       |       |     6 ||     6
  Throw: Javelin           |     9 |       ||     9
   Stab: Sleeping          |     2 |     6 ||     8
 Armour: Skin              |    13 |    40 ||    53
  Dodge: Dodged            |    26 |    51 ||    77

Table legend: (Time is in decaauts)
 A = Elapsed time spent in this place.
 B = Non-inter-level travel time spent in this place.
 C = Inter-level travel time spent in this place.
 D = Time resting spent in this place.
 E = Time spent auto-exploring this place.
 F = Levels seen in this place.
 G = Mean time per level.
                   A        B        C        D        E       F      G
               +--------+--------+--------+--------+--------+-----+--------+
         Total |   2730 |   2684 |     46 |    176 |   1852 |   4 |  682.5 |
       Dungeon |   2730 |   2684 |     46 |    176 |   1852 |   4 |  682.5 |
               +--------+--------+--------+--------+--------+-----+--------+

Top non-repeatable levels by time:
     D:3: 924 daAuts
     D:2: 911 daAuts
     D:1: 818 daAuts
     D:4: 76 daAuts
